 Dungeon Crawl Stone Soup version 0.23.1-37-gaa34b87 (webtiles) character file.

Game seed: 855342990774216908

75627 Kairos the Fighter (level 15, -8/125 HPs)
             Began as a Demonspawn Gladiator on Mar 23, 2019.
             Was the Champion of Okawaru.
             Mangled by Asterion
             ... wielding a +1 vampiric demon whip
              (11 damage)
             ... on level 1 of the Snake Pit on Mar 24, 2019.
             The game lasted 01:06:09 (25621 turns).

Kairos the Fighter (Demonspawn Gladiator)          Turns: 25621, Time: 01:06:10

Health: -8/125     AC: 39    Str: 25    XL:     15   Next: 10%
Magic:  24/24      EV: 22    Int: 10    God:    Okawaru [******]
Gold:   2390       SH: 10    Dex: 20    Spells: 20/23 levels left

rFire    + . .     SeeInvis .   u - +4 demon whip (venom)
rCold    + + .     Gourm    .   j - +3 buckler
rNeg     . . .     Faith    .   X - +10 plate armour "Aqiuhuza" {rC+}
rPois    .         Spirit   .   c - +2 hat
rElec    .         Reflect  .   O - scarf {rC+ rF+}
rCorr    .         Harm     .   (gloves unavailable)
MR       +....                  D - +1 pair of boots
Stlth    ++........             F - amulet of rage
HPRegen  0.30/turn              (no ring)
MPRegen  0.19/turn              A - +5 ring of protection

@: mighty, agile, lethally poisoned (-8 -> -8), heroism
A: claws 3, molten scales 2, demonic guardian 2, powered by pain 2
a: Heroism, Finesse, Renounce Religion, Evoke Berserk Rage


You were on level 1 of the Snake Pit.
You worshipped Okawaru.
Okawaru was exalted by your worship.
You were not hungry.

You visited 4 branches of the dungeon, and saw 22 of its levels.
You also visited: Bailey and Ice Cave.

You collected 2390 gold pieces.

Inventory:

Hand Weapons
 u - a +4 demon whip of venom (weapon)
 R - a +4 demon whip
Missiles
 d - 7 throwing nets
 V - 2 poisoned javelins (quivered)
Armour
 a - a +5 scale mail of positive energy
 c - a +2 hat (worn)
 j - a +3 buckler (worn)
 r - a +2 plate armour of fire resistance
 s - the +3 chain mail of Tafiavass {*Corrode MR- Dex+9 Slay+4}
   (You acquired it on level 4 of the Lair of Beasts)

   It affects your dexterity (+9).
   It affects your accuracy and damage with ranged weapons and melee attacks
   (+4).
   It affects your resistance to hostile enchantments.
   It may corrode you when you take damage.
 D - a +1 pair of boots (worn)
 O - a scarf of resistance (worn)
 X - the +10 plate armour "Aqiuhuza" (worn) {rC+}
   (Okawaru gifted it to you on level 11 of the Dungeon)

   It protects you from cold.
Jewellery
 b - the ring "Pudivvoro" {Ice -Tele +Fly rElec}
   (You found it in an ice cave)

   [ring of ice]

   It enhances your ice magic.
   It makes you vulnerable to fire.
   It protects you from cold.
   It insulates you from electricity.
   It lets you fly.
   It prevents most forms of teleportation.
 g - an uncursed ring of flight
 i - an uncursed ring of protection from fire
 o - an uncursed ring of see invisible
 y - an uncursed amulet of guardian spirit
 A - a +5 ring of protection (right claw)
 E - a +5 ring of evasion
 F - an amulet of rage (around neck)
 P - an uncursed ring of resist corrosion
Wands
 p - a wand of scattershot (3)
 x - a wand of digging (7)
 B - a wand of paralysis (9)
 J - a wand of iceblast (5)
 N - a wand of acid (37)
 U - a wand of disintegration (22)
Scrolls
 h - 6 scrolls of teleportation
 l - 2 scrolls of blinking
 m - 4 scrolls of immolation
 G - 2 scrolls of fog
 K - a scroll of fear {unknown}
 Q - a scroll of brand weapon {unknown}
 T - a scroll of silence {unknown}
 Y - 2 scrolls of magic mapping
 Z - 8 scrolls of remove curse
Potions
 e - 5 potions of lignification
 k - 5 potions of agility
 n - 8 potions of heal wounds
 q - a potion of flight {unknown}
 t - 12 potions of curing
 v - 2 potions of resistance {unknown}
 w - 2 potions of brilliance {unknown}
 z - 2 potions of experience {unknown}
 C - 4 potions of might
 H - 2 potions of berserk rage {unknown}
 I - a potion of degeneration {unknown}
 L - 5 potions of magic
 M - 2 potions of ambrosia
 S - 4 potions of cancellation
 W - 2 potions of mutation {unknown}
Comestibles
 f - 23 rations


   Skills:
 + Level 13.7(18.7) Fighting
 - Level 12.0(17.0) Maces & Flails
 + Level 2.4(7.4) Throwing
 + Level 10.0(15.0) Armour
 + Level 8.4(13.4) Dodging
 + Level 5.6(10.6) Stealth
 - Level 4.0(9.0) Shields
 * Level 4.7 Spellcasting
 * Level 2.4 Necromancy
 + Level 12.7 Invocations
 + Level 3.4 Evocations


You had 20 spell levels left.
You knew the following spells:

 Your Spells              Type           Power        Failure   Level  Hunger
a - Regeneration          Chrm/Necr      #.........   97%         3    ###....

Your spell library contained the following spells:

 Spells                   Type           Power        Failure   Level  Hunger
 Beastly Appendage        Tmut           #.....       86%         1    #......
 Confusing Touch          Hex            #.....       86%         1    #......
 Corona                   Hex            #......      86%         1    #......
 Infusion                 Chrm           #...         86%         1    #......
 Magic Dart               Conj           #...         86%         1    #......
 Blink                    Tloc           N/A          95%         2    ##.....
 Call Imp                 Summ           #.......     95%         2    ##.....
 Ensorcelled Hibernation  Hex/Ice        #.....       95%         2    ##.....
 Passwall                 Tmut/Erth      #.......     95%         2    ##.....
 Searing Ray              Conj           #.....       95%         2    ##.....
 Shroud of Golubria       Chrm/Tloc      #.........   95%         2    ##.....
 Slow                     Hex            #.......     95%         2    ##.....
 Song of Slaying          Chrm           #.......     95%         2    ##.....
 Sticks to Snakes         Tmut           #.......     95%         2    ##.....
 Swiftness                Chrm/Air       #.......     95%         2    ##.....
 Confuse                  Hex            #.......     99%         3    ###....
 Conjure Flame            Conj/Fire      #.......     99%         3    ###....
 Dazzling Spray           Conj/Hex       #.....       99%         3    ###....
 Gell's Gravitas          Tloc           #.........   99%         3    ###....
 Inner Flame              Hex/Fire       #.......     99%         3    ###....
 Mephitic Cloud           Conj/Pois/Air  #.......     99%         3    ###....
 Portal Projectile        Hex/Tloc       #.....       99%         3    ###....
 Spectral Weapon          Hex/Chrm       #.......     99%         3    ###....
 Spider Form              Tmut/Pois      #.........   99%         3    ###....
 Summon Guardian Golem    Hex/Summ       #.......     99%         3    ###....
 Tukima's Dance           Hex            #.......     99%         3    ###....
 Cause Fear               Hex            #.........   100%        4    #####..
 Force Lance              Conj/Tloc      #.......     100%        4    #####..
 Fulminant Prism          Conj/Hex       #.........   100%        4    #####..
 Ice Form                 Ice/Tmut       #.......     100%        4    #####..
 Iskenderun's Mystic Bla  Conj           #.......     100%        4    #####..
 Leda's Liquefaction      Hex/Erth       #.........   100%        4    #####..
 Passage of Golubria      Tloc           N/A          100%        4    #####..
 Petrify                  Tmut/Erth      #.......     100%        4    #####..
 Blade Hands              Tmut           #.........   100%        5    ######.
 Bolt of Magma            Conj/Fire/Erth #.........   100%        5    ######.
 Borgnjor's Vile Clutch   Necr/Erth      #.........   100%        5    ######.
 Iskenderun's Battlesphe  Conj/Chrm      #.......     100%        5    ######.
 Lee's Rapid Deconstruct  Erth           #.........   100%        5    ######.
 Metabolic Englaciation   Hex/Ice        #.........   100%        5    ######.
 Venom Bolt               Conj/Pois      #.........   100%        5    ######.
 Yara's Violent Unravell  Hex/Tmut       #.........   100%        5    ######.
 Darkness                 Hex            #.........   100%        6    #######
 Invisibility             Hex            #.......     100%        6    #######
 Iron Shot                Conj/Erth      #.........   100%        6    #######
 Simulacrum               Ice/Necr       #.........   100%        6    #######
 Orb of Destruction       Conj           #.........   100%        7    #######
 Spellforged Servitor     Conj/Summ      #.........   100%        7    #######


Dungeon Overview and Level Annotations

Branches:
Dungeon (14/15)            Temple (0/1) D:6            Lair (6/6) D:8
  Swamp (1/4) Lair:4        Snake (1/4) Lair:4        Slime (0/5) Lair:6
    Orc (0/2) D:10
 Vaults: D:13-14

Altars:
Elyvilon
Gozag
Makhleb
Okawaru
Ru
Sif Muna
Yredelemnul
The Shining One
Jiyva

Portals:
Hell: Lair:6

Annotations:
Lair:1 exclusion: oklob plant
Lair:3 2 transporters, Mosut's ghost, journeyman HOWn
Snake:1 Asterion


Innate Abilities, Weirdness & Mutations

You have claws for hands.
You are mostly covered in molten scales. (AC +3)
A demonic guardian rushes to your aid.
You sometimes gain power by taking damage.


Message History

Asterion closely misses you.
You hear an angry hiss.
You cannot teleport because you are wearing the ring "Pudivvoro" {Ice -Tele +Fly rElec}.
You eat one of the 24 rations.
That ration really hit the spot!
You feel sick. The shock serpent misses you.
Your soul eater barely misses the green death.
Asterion hits you with a +1 vampiric demon whip!
* * * LOW HITPOINT WARNING * * *
You focus on the pain.
You feel agile all of a sudden.
Asterion draws strength from your wounds!
You block Asterion's attack. The green death hits your soul eater!
The shock serpent bites you.
* * * LOW HITPOINT WARNING * * *
The shock serpent shocks you. You resist.
* * * LOW HITPOINT WARNING * * *
You're wearing all the rings you can.
Remove which one? (? for menu, Esc to quit)
You remove the ring "Pudivvoro" {Ice -Tele +Fly rElec}.
Asterion hits you but does no damage. Asterion gores you!
You die...

...### ##.....##
##....
......##..##...##
#....#
#......####..###...##
####...# ##..#...##
##...# #.....##
#....# ##...##
##....#####.....# .
#................#
...
##NS@..##...####...#
.....#N3H#######.
##... ......2N## ##
... .......S# ..
.#####... #...⌠
#..... #.....⌠
..#.....


You could see Asterion, 2 naga warriors, a green death, a shock serpent, a black
mamba, a naga and a friendly soul eater.

Vanquished Creatures
  An orc warlord (Bailey)
  Nessos (Lair:6)
  Snorg (Lair:6)
  An ogre mage (D:12)
  A naga warrior (D:8)
  The ghost of bmj180 the Cleaver, a journeyman MiMo of Okawaru (D:10)
  A hell beast (Lair:6)
  2 ice dragons (IceCv)
  4 hydras
  Harold (Lair:2)
  2 centaur warriors (D:13)
  8 death yaks
  4 two-headed ogres
  An anaconda (Snake:1)
  A catoblepas (Lair:6)
  A shock serpent (Snake:1)
  A slime creature (D:12)
  2 deep elf knights (D:8)
  Sonja (Lair:2)
  2 orc knights (Bailey)
  An ugly thing (D:13)
  2 cyclopes (D:11)
  Maurice (D:12)
  2 ice statues (IceCv)
  2 centaur skeletons
  A smoke demon (Lair:6)
  5 black mambas
  2 orange demons (Lair:6)
  21 spiny frogs
  6 rime drakes
  8 komodo dragons
  An ice devil (Lair:6)
  4 trolls
  2 meliai (D:13)
  2 red devils (Lair:6)
  2 hornets (D:8)
  2 polar bears
  Grinder (D:6)
  Prince Ribbit (D:8)
  A slime creature (shapeshifter) (D:13)
  12 blink frogs
  10 hippogriffs
  A centaur simulacrum (D:11)
  A shadow (D:11)
  3 spriggans (D:10)
  2 wyverns
  A fire elemental (Lair:2)
  39 yaks
  6 basilisks
  A hungry ghost (D:10)
  A steam dragon (Lair:2)
  3 soldier ants
  Duvessa (D:7)
  2 nagas (D:8)
  11 water moccasins
  7 porcupines
  17 orc warriors
  3 hell hounds (Lair:6)
  A swamp drake (Swamp:1)
  A sky beast (D:8)
  17 ice beasts
  7 black bears
  An eye of draining (D:12)
  2 phantoms (D:11)
  5 ogres
  9 centaurs
  19 crocodiles
  A big kobold (D:7)
  21 bullfrogs
  Dowan (D:7)
  5 scorpions
  25 killer bees
  16 wights
  A howler monkey (D:12)
  4 electric eels
  3 crimson imps
  3 bullfrog zombies
  2 lava snakes
  A quasit (D:9)
  4 orc priests
  6 hounds
  3 jellies
  A bullfrog skeleton (D:12)
  4 iguanas
  2 hell rats (Lair:2)
  8 worker ants
  10 orc wizards
  A hound zombie (D:7)
  A hound skeleton (D:11)
  A howler monkey zombie (D:9)
  A howler monkey skeleton (D:6)
  11 gnolls
  10 adders
  3 river rats (Lair:2)
  A shadow imp (D:5)
  12 white imps (Lair:1)
  2 oozes
  An adder skeleton (D:4)
  An adder zombie (D:6)
  3 worms (D:2)
  3 dart slugs
  2 leopard geckos
  50 orcs
  2 bats (D:1)
  4 giant cockroaches (D:1)
  28 goblins
  19 hobgoblins
  14 jackals
  8 quokkas
  A ball python (D:3)
  6 frilled lizards
  A jackal skeleton (D:8)
  13 kobolds
  A leopard gecko skeleton (D:4)
  A quokka skeleton (D:4)
  A quokka zombie (D:6)
  15 rats
  A spectral orc (D:3)
  2 plants (Lair:1)
628 creatures vanquished.

Vanquished Creatures (collateral kills)
  Gastronok (D:9)
  A frost giant (D:12)
  3 hydras
  A catoblepas (D:12)
  3 two-headed ogres (D:11)
  A death yak (Lair:5)
  A wizard (Lair:6)
  A harpy (D:12)
  An ugly thing (D:11)
  A salamander (D:8)
  A guardian serpent (Snake:1)
  A black mamba (Lair:6)
  A water nymph (shapeshifter) (D:11)
  3 spiny frogs
  3 rime drakes
  An orange demon (Lair:6)
  A meliai (D:13)
  4 blink frogs (Lair:5)
  A hornet (D:10)
  A slime creature (D:12)
  A hippogriff (D:8)
  3 yaks
  A spriggan (D:10)
  A basilisk (Lair:4)
  A water moccasin (Lair:1)
  A hell hound (Lair:6)
  A porcupine (D:8)
  An orc warrior (D:5)
  A sky beast (D:7)
  A necrophage (D:8)
  An ice beast (IceCv)
  A phantom (D:7)
  3 centaurs
  2 ogres
  2 bullfrogs
  A killer bee (D:11)
  3 wights (D:8)
  A crimson imp (D:5)
  An orc wizard (D:8)
  Ijyb (D:5)
  A hell rat (Lair:2)
  A howler monkey skeleton (D:5)
  An adder (D:4)
  6 orcs
  A giant cockroach (D:4)
  A fungus (Lair:6)
70 creatures vanquished.

Vanquished Creatures (others)
  A vampire mosquito (D:12)
  An orc wizard (D:8)
  An adder (D:3)
  50 fungi
  14 plants
67 creatures vanquished.

Grand Total: 765 creatures vanquished

Notes
Turn   | Place    | Note
-------+----------+-------------------------------------------
     0 | D:1      | Kairos the Demonspawn Gladiator began the quest for the
                  | Orb.
     0 | D:1      | Reached XP level 1. HP: 16/16 MP: 1/1
   374 | D:1      | Gained mutation: You are partially covered in molten
                  | scales. (AC +2) [demonic ancestry]
   374 | D:1      | Reached XP level 2. HP: 13/22 MP: 2/2
  1034 | D:1      | Gained mutation: A weak demonic guardian rushes to your
                  | aid. [demonic ancestry]
  1034 | D:1      | Reached XP level 3. HP: 23/28 MP: 3/3
  1684 | D:2      | Reached skill level 1 in Armour
  1701 | D:2      | Found a deep blue altar of Sif Muna.
  1858 | D:2      | Reached XP level 4. HP: 31/34 MP: 4/4
  2236 | D:3      | Found a white marble altar of Elyvilon.
  2319 | D:3      | Found an iron altar of Okawaru.
  2326 | D:3      | Became a worshipper of Warmaster Okawaru
  2361 | D:3      | HP: 1/34 [poisoned by a kobold]
  2930 | D:3      | Found a basalt altar of Yredelemnul.
  3077 | D:4      | Gained mutation: You have sharp fingernails. [demonic
                  | ancestry]
  3077 | D:4      | Reached XP level 5. HP: 38/40 MP: 5/5
  3097 | D:4      | Found a glowing golden altar of the Shining One.
  3179 | D:4      | Noticed an ogre
  3186 | D:4      | Reached skill level 3 in Fighting
  3204 | D:4      | Killed an ogre
  3421 | D:4      | Found a burning altar of Makhleb.
  3441 | D:4      | Reached * piety under Okawaru
  3441 | D:4      | Gained mutation: You sometimes gain a little power by
                  | taking damage. [demonic ancestry]
  3441 | D:4      | Reached XP level 6. HP: 40/47 MP: 6/6
  3458 | D:5      | Entered Level 5 of the Dungeon
  3612 | D:5      | Reached skill level 1 in Stealth
  3673 | D:5      | Noticed an ice beast
  3685 | D:5      | Killed an ice beast
  3685 | D:5      | Reached skill level 5 in Maces & Flails
  3698 | D:5      | Noticed Ijyb
  3708 | D:5      | Gained mutation: You have very sharp fingernails. [demonic
                  | ancestry]
  3708 | D:5      | Reached XP level 7. HP: 51/52 MP: 7/7
  3727 | D:5      | Killed Ijyb
  3736 | D:5      | Reached ** piety under Okawaru
  4137 | D:5      | Reached skill level 4 in Fighting
  4606 | D:6      | Reached XP level 8. HP: 60/60 MP: 8/8
  4717 | D:6      | Found a staircase to the Ecumenical Temple.
  4769 | D:6      | Noticed Grinder
  4775 | D:6      | Paralysed by Grinder for 2 turns
  4783 | D:6      | Killed Grinder
  4783 | D:6      | Reached *** piety under Okawaru
  5049 | D:7      | Noticed a hippogriff
  5058 | D:7      | Killed a hippogriff
  5163 | D:7      | Found a sacrificial altar of Ru.
  5249 | D:7      | Reached skill level 5 in Dodging
  5341 | D:7      | Reached **** piety under Okawaru
  5382 | D:7      | Noticed Duvessa
  5382 | D:7      | Noticed Dowan
  5414 | D:7      | Killed Duvessa
  5435 | D:7      | Killed Dowan
  5528 | D:7      | Gained mutation: You have claws for hands. [demonic
                  | ancestry]
  5528 | D:7      | Reached XP level 9. HP: 67/67 MP: 9/9
  5670 | D:8      | Reached skill level 5 in Fighting
  5670 | D:8      | Reached skill level 1 in Invocations
  5785 | D:8      | Found a staircase to the Lair.
  5906 | D:8      | Reached ***** piety under Okawaru
  6276 | D:8      | Was placed under penance by Okawaru
  6513 | D:8      | Reached skill level 6 in Fighting
  6513 | D:8      | Gained mutation: You sometimes gain power by taking damage.
                  | [demonic ancestry]
  6513 | D:8      | Reached XP level 10. HP: 38/76 MP: 13/13
  6515 | D:8      | Noticed a deep elf knight
  6515 | D:8      | Noticed an orc knight
  6515 | D:8      | Noticed a deep elf knight
  7013 | D:8      | Was forgiven by Okawaru
  7014 | D:8      | Noticed a naga warrior
  7344 | D:8      | Noticed a salamander
  7426 | Lair:1   | Entered Level 1 of the Lair of Beasts
  7536 | Lair:1   | Noticed a spiny frog
  7558 | Lair:1   | Killed a spiny frog
  7558 | Lair:1   | Reached skill level 5 in Invocations
  7750 | Lair:1   | Reached skill level 5 in Armour
  7770 | Lair:1   | Found a frozen archway.
  7848 | IceCv    | Entered an ice cave
  8050 | IceCv    | Received a gift from Okawaru
  8050 | IceCv    | Reached skill level 10 in Maces & Flails
  8387 | IceCv    | Noticed an ice statue
  8387 | IceCv    | Noticed an ice statue
  8421 | IceCv    | Received a gift from Okawaru
  8501 | IceCv    | Killed an ice statue
  9153 | IceCv    | Killed an ice statue
  9153 | IceCv    | Reached skill level 1 in Shields
  9796 | IceCv    | Noticed an ice dragon
  9797 | IceCv    | Noticed an ice dragon
  9835 | IceCv    | Killed an ice dragon
  9835 | IceCv    | Reached XP level 11. HP: 34/83 MP: 10/16
  9851 | IceCv    | Killed an ice dragon
 10295 | IceCv    | Got a bound wooden ring
 10335 | IceCv    | Identified the ring "Pudivvoro" {Ice -Tele +Fly rElec} (You
                  | found it in an ice cave)
 10471 | Lair:1   | Noticed an oklob plant
 11499 | Lair:2   | Reached skill level 1 in Evocations
 11900 | Lair:2   | Got a slimy dagger
 11901 | Lair:2   | Identified the +0 dagger of the Secret Continents {venom,
                  | Fragile rPois Dex+5} (You found it on level 2 of the Lair
                  | of Beasts)
 12065 | Lair:2   | Reached skill level 7 in Fighting
 12097 | Lair:2   | Received a gift from Okawaru
 12607 | Lair:2   | Noticed Sonja
 12621 | Lair:2   | Killed Sonja
 12621 | Lair:2   | Received a gift from Okawaru
 12829 | Lair:2   | Noticed Harold
 12864 | Lair:2   | Killed Harold
 13106 | Lair:2   | Received a gift from Okawaru
 13450 | Lair:3   | Found a transporter.
 13450 | Lair:3   | Noticed Mosut's ghost (journeyman HOWn)
 13450 | Lair:3   | Noticed an eight-headed hydra
 13694 | Lair:3   | Reached XP level 12. HP: 59/92 MP: 17/19
 13847 | Lair:3   | Found a transporter.
 13848 | Lair:3   | Noticed a catoblepas
 13900 | Lair:3   | Reached skill level 8 in Fighting
 13900 | Lair:3   | Reached skill level 10 in Invocations
 14944 | Lair:4   | Found a staircase to the Snake Pit.
 15424 | Lair:4   | Found a staircase to the Swamp.
 15447 | Lair:4   | You fall through a shaft for 2 floors!
 15447 | Lair:6   | Entered Level 6 of the Lair of Beasts
 15571 | Lair:6   | Noticed a catoblepas
 15830 | Lair:5   | Received a gift from Okawaru
 15830 | Lair:5   | Reached skill level 9 in Fighting
 16026 | Lair:5   | Noticed a death yak
 16028 | Lair:5   | Noticed a death yak
 16028 | Lair:5   | Noticed a death yak
 16034 | Lair:5   | Noticed a death yak
 16058 | Lair:5   | Killed a death yak
 16070 | Lair:5   | Killed a death yak
 16092 | Lair:5   | Killed a death yak
 16119 | Lair:5   | Killed a death yak
 16119 | Lair:5   | Gained mutation: A demonic guardian rushes to your aid.
                  | [demonic ancestry]
 16119 | Lair:5   | Reached XP level 13. HP: 22/102 MP: 19/21
 17143 | Lair:4   | Reached skill level 5 in Stealth
 17152 | Lair:4   | Identified a scroll of acquirement
 17279 | Lair:4   | Got an aquamarine-encrusted chain mail
 17290 | Lair:4   | Identified the +3 chain mail of Tafiavass {*Corrode MR-
                  | Dex+9 Slay+4} (You acquired it on level 4 of the Lair of
                  | Beasts)
 17699 | Lair:6   | Reached ****** piety under Okawaru
 17714 | Lair:6   | Reached skill level 10 in Fighting
 18352 | Lair:6   | Received a gift from Okawaru
 18421 | Lair:6   | Noticed Snorg
 18437 | Lair:6   | Killed Snorg
 18437 | Lair:6   | Received a gift from Okawaru
 18484 | Lair:6   | Noticed Nessos
 18520 | Lair:6   | Reached skill level 11 in Fighting
 18532 | Lair:6   | Killed Nessos
 18978 | Lair:6   | Found a viscous altar of Jiyva.
 18979 | Lair:6   | Found a staircase to the Slime Pits.
 19116 | Lair:6   | Received a gift from Okawaru
 19156 | Lair:6   | Paralysed by a wizard for 6 turns
 19165 | Lair:6   | Found a burning altar of Makhleb.
 19311 | Lair:6   | Gained mutation: You are mostly covered in molten scales.
                  | (AC +3) [demonic ancestry]
 19311 | Lair:6   | Reached XP level 14. HP: 89/113 MP: 23/23
 19320 | Lair:6   | Found a gateway to Hell.
 19559 | Lair:6   | Reached skill level 1 in Spellcasting
 20435 | D:8      | Noticed Prince Ribbit
 20455 | D:8      | Killed Prince Ribbit
 20783 | D:9      | Got a fine leather armour
 20794 | D:9      | Identified the cursed +0 leather armour of the Blind
                  | Marksman {-Tele Int+4} (You found it on level 9 of the
                  | Dungeon)
 21008 | D:9      | Noticed Gastronok
 21020 | D:9      | Killed Gastronok
 21306 | D:10     | Entered Level 10 of the Dungeon
 21370 | D:10     | You fall through a shaft!
 21457 | D:11     | Received a gift from Okawaru
 21475 | D:11     | Got a faintly glowing plate armour {god gift}
 21486 | D:11     | Identified the +10 plate armour "Aqiuhuza" {rC+} (Okawaru
                  | gifted it to you on level 11 of the Dungeon)
 21539 | D:11     | Reached skill level 12 in Fighting
 21577 | D:11     | Learned a level 3 spell: Regeneration
 22264 | D:10     | Found a staircase to the Orcish Mines.
 22410 | D:10     | Found a runed translucent door.
 22411 | D:10     | Noticed bmj180's ghost (journeyman MiMo)
 22415 | D:10     | Identified the cursed +3 spear of Mutuot {drain, MP-9 Dex+9
                  | SInv}
 22874 | D:10     | Killed bmj180's ghost
 23230 | D:12     | Noticed a frost giant
 23482 | D:12     | Noticed Maurice
 23503 | D:12     | Killed Maurice
 23709 | D:12     | Killed a frost giant
 23709 | D:12     | Received a gift from Okawaru
 23709 | D:12     | Reached skill level 13 in Fighting
 23730 | D:12     | Identified the Almanac of Evil Rituals and Enchantment
 23857 | D:13     | Found a flagged portal.
 23874 | Bailey   | Entered a bailey
 24143 | Bailey   | Noticed an orc warlord
 24170 | Bailey   | Killed an orc warlord
 24170 | Bailey   | Reached skill level 1 in Necromancy
 24658 | D:13     | Reached XP level 15. HP: 113/124 MP: 24/24
 24758 | D:13     | Found an opulent altar of Gozag.
 24781 | D:13     | Received a gift from Okawaru
 24833 | D:13     | Reached skill level 10 in Armour
 25214 | Swamp:1  | Entered Level 1 of the Swamp
 25257 | Snake:1  | Entered Level 1 of the Snake Pit
 25597 | Snake:1  | Noticed Asterion
 25620 | Snake:1  | HP: 3/125 [shock serpent (4)]
 25621 | Snake:1  | Mangled by Asterion

Skill      XL: |  1  2  3  4  5  6  7  8  9 10 11 12 13 14 15 |
---------------+----------------------------------------------+-----
Maces & Flails | 3 4 5 6 8 9 10 11 12 | 12.0
Dodging        | 3 4 5 6 7 8 |  8.4
Armour         | 1 2 3 4 5 7 8 9 10 | 10.0
Fighting       | 3 4 6 7 9 11 13 | 13.7
Stealth        | 1 2 3 4 5 |  5.6
Invocations    | 4 7 9 11 12 | 12.7
Shields        | 1 2 3 4 |  4.0
Throwing       | 2 |  2.4
Evocations     | 1 3 |  3.4
Spellcasting   | 4 |  4.7
Necromancy     | 1 2 |  2.4

Action                   |  1- 3 |  4- 6 |  7- 9 | 10-12 | 13-15 || total
-------------------------+-------+-------+-------+-------+-------++-------
Melee: Flail             |   178 |   186 |   415 |   364 |       ||  1143
       Demon whip        |       |       |       |   785 |  1514 ||  2299
Throw: Throwing net      |     2 |       |     1 |     3 |       ||     6
       Javelin           |       |       |       |     3 |     3 ||     6
Invok: Heroism           |       |       |     1 |    16 |    10 ||    27
       Finesse           |       |       |       |     4 |     1 ||     5
 Abil: Evoke Berserk Rag |       |       |       |     1 |     1 ||     2
Evoke: Wand              |       |       |     4 |     2 |    14 ||    20
  Use: Potion            |     2 |     1 |     2 |     2 |       ||     7
       Scroll            |     4 |       |     4 |    16 |    17 ||    41
 Stab: Held in net/web   |       |       |     1 |       |       ||     1
       Distracted        |       |       |     4 |    10 |     8 ||    22
       Sleeping          |       |       |       |     3 |       ||     3
  Eat: Chunk             |     3 |     6 |     9 |     8 |     7 ||    33
       Ration            |       |       |       |     8 |     7 ||    15
Armor: Leather armour    |     6 |       |       |       |       ||     6
       Ring mail         |    71 |    95 |    21 |       |       ||   187
       Skin              |     7 |       |     6 |       |       ||    13
       Scale mail        |       |       |   174 |   165 |       ||   339
       Steam dragon scal |       |       |       |    29 |       ||    29
       Plate armour      |       |       |       |    44 |   232 ||   276
       Chain mail        |       |       |       |       |   143 ||   143
Dodge: Dodged            |   147 |   129 |   419 |   629 |   685 ||  2009
Block: Buckler           |       |       |       |   133 |   359 ||   492
